 Dungeon Crawl Stone Soup version 0.29.1-1-gd02db69 (webtiles) character file.

Game seed: 166017795494210759

28847 Timinator the Martial Artist (level 12, -25/103 HPs)
             Began as a Demigod Transmuter on Jan 12, 2023.
             Annihilated by a bog body (27 damage)
             ... on level 2 of the Lair of Beasts.
             The game lasted 01:08:01 (19846 turns).

Timinator the Martial Artist (Demigod Transmuter)  Turns: 19846, Time: 01:08:01

Health: -25/103    AC: 14    Str: 19    XL:     12   Next: 79%
Magic:  14/18      EV: 22    Int: 15    God:
Gold:   504        SH:  4    Dex: 22    Spells: 1/15 levels left

rFire   + . .      SeeInvis .     - Unarmed
rCold   . . .      Faith    .   (shield currently unavailable)
rNeg    + . .      Spirit   .   L - +0 acid dragon scales
rPois   .          Reflect  .   n - +2 helmet
rElec   .          Harm     .   G - +1 cloak
rCorr   +          Rampage  .   (gloves currently unavailable)
Will    +....                   r - +1 pair of boots
Stlth   +.........              (no amulet)
HPRegen 0.27/turn               e - +4 ring of evasion
MPRegen 0.16/turn               N - ring of positive energy

@: blade hands, slowed, very slow
A: high MP 1, forlorn, divine attributes, hooves 1, large bone plates 1, fire
resistance 1, MP-powered wands
a: End Transformation


You were on level 2 of the Lair of Beasts.
You had blades for hands.
You visited 2 branches of the dungeon, and saw 13 of its levels.
You also visited: Ossuary.

You collected 751 gold pieces.
You spent 247 gold pieces at shops.

Inventory:

Missiles
 w - 36 poisoned darts (quivered)
 C - a throwing net
Armour
 n - a +2 helmet (worn)
 r - a +1 pair of boots (worn)
 G - a +1 cloak (worn)
 K - the +0 pair of gloves of Lemnaosafo (melded) {+Blink Will+}
   (You bought it in a shop on level 3 of the Dungeon)

   +Blink:    It lets you blink.
   Will:      It increases your willpower.
 L - +0 acid dragon scales (worn)
Jewellery
 e - a +4 ring of evasion (left blade hand)
 N - a ring of positive energy (right blade hand)
Wands
 p - a wand of charming (18)
 v - a wand of mindburst (19)
 J - a wand of roots (3)
 O - a wand of acid (3)
Scrolls
 a - 4 scrolls of amnesia {unknown}
 b - 7 scrolls of teleportation
 c - a scroll of poison
 d - 2 scrolls of torment {unknown}
 h - 4 scrolls of enchant armour {unknown}
 q - 2 scrolls of acquirement {unknown}
 t - a scroll of enchant weapon {unknown}
 u - 3 scrolls of vulnerability {unknown}
 x - 2 scrolls of silence {unknown}
 y - 2 scrolls of magic mapping {unknown}
 z - 5 scrolls of immolation {unknown}
 D - a scroll of blinking {unknown}
 F - a scroll of noise {unknown}
 H - 2 scrolls of summoning {unknown}
 M - 3 scrolls of fog {unknown}
Potions
 f - 2 potions of flight
 g - 4 potions of magic
 i - 5 potions of curing
 j - a potion of resistance
 k - 2 potions of cancellation
 l - 3 potions of haste
 m - a potion of might
 o - 2 potions of ambrosia
 s - 4 potions of mutation
 A - a potion of attraction
 E - 2 potions of heal wounds
 I - 2 potions of brilliance


   Skills:
 * Level 8.3 Fighting
 - Level 3.0 Armour
 * Level 9.2 Dodging
 - Level 2.2 Shields
 + Level 13.4 Unarmed Combat
 - Level 2.0 Spellcasting
 * Level 9.1 Transmutations
 - Level 3.0 Ice Magic
 * Level 1.1 Evocations


You had one spell level left.
You knew the following spells:

 Your Spells              Type           Power      Damage    Failure   Level
a - Wereblood             Tmut           28%        N/A       16%         2
b - Blade Hands           Tmut           14%        N/A       61%         5
c - Ice Form              Ice/Tmut       19%        N/A       67%         4
d - Beastly Appendage     Tmut           56%        N/A       13%         1
e - Passwall              Tmut/Erth      12%        N/A       38%         2

Your spell library contained the following spells:

 Spells                   Type           Power      Damage    Failure   Level
 Sandblast                Erth           2%         2d4       71%         1
 Summon Small Mammal      Summ           4%         N/A       71%         1
 Spider Form              Tmut/Pois      15%        N/A       52%         3
 Sublimation of Blood     Necr           1%         N/A       80%         2
 Call Canine Familiar     Summ           1%         N/A       93%         3
 Gell's Gravitas          Tloc           1%         N/A       93%         3
 Lesser Beckoning         Tloc           1%         N/A       93%         3
 Stone Arrow              Conj/Erth      2%         3d7       93%         3
 Summon Guardian Golem    Hex/Summ       1%         N/A       93%         3
 Teleport Other           Tloc           1%         N/A       93%         3
 Irradiate                Conj/Tmut      7%         3d14      97%         5
 Dragon Form              Tmut           14%        N/A       100%        7
 Summon Hydra             Summ           0%         N/A       100%        7


Dungeon Overview and Level Annotations

Branches:
Dungeon (11/15)            Temple (0/1) D:5            Lair (2/5) D:9
  Swamp (0/4) Lair:2       Spider (0/4) Lair:2          Orc (0/2) D:11
Ossuary (visited)

Shops:
D:1 !   D:2 [   D:3 [


Innate Abilities, Weirdness & Mutations

You have blades for hands.
Your spellcasting is less reliable in this form.
You are incapable of wielding weapons or throwing items.
You have an increased reservoir of magic. (+10% MP)
You shall have no god before yourself.
Your divine heritage dramatically boosts your attributes as you level up.
You have large cloven feet.
You are partially covered in large bone plates. (SH +4)
Your flesh is heat resistant. (rF+)
You expend magic power (3 MP) to strengthen your wands.


Message History

HP restored.
You see here a bog body corpse. 2 bog bodies come into view.
Found a staircase to the Swamp.
An electric eel comes into view.
You see here 11 gold pieces.
The electric eel shoots out a bolt of lightning at you!
The bolt of electricity hits you!
The bog body gestures at you while chanting.
You feel yourself slow down. The bog body casts a spell at you.
You resist with almost no effort.
You see here a bog body corpse.
Casting: Blade Hands (dangerous; 19% risk of failure)
Confirm with . or Enter, or press ? or * to list all spells.
Your hands turn into razor-sharp scythe blades.
The +0 pair of gloves of Lemnaosafo {+Blink Will+} melds into your body.
The bog body casts a spell at you. The bolt of cold hits you!!
The electric eel shoots out a bolt of lightning at you!
The bolt of electricity misses you.
You slice the bog body!!
The bog body is almost destroyed.
The electric eel shoots out a bolt of lightning at you!
The bolt of electricity hits you! The bog body touches you!
The bog body freezes you!!
* * * LOW HITPOINT WARNING * * *
Unknown command.
Okay, then.
As you read the scroll of fear, it crumbles to dust.
You assume a fearsome visage.
The electric eel looks frightened!
The bog body is unaffected. x2
You feel much better. The bog body barely misses you.
The bog body touches you but does no damage.
The bog body touches you. The bog body freezes you!!
* * * LOW HITPOINT WARNING * * *
The bog body touches you!
* * * LOW HITPOINT WARNING * * *
The bog body freezes you!!
You die...

##...........♣♣~§.S♣♣.....P####÷#
.............♣♣♣n.≈♣♣...#.......#
.....###.#..♣♣♣~.$≈♣♣...#.|.....#
.....# ###### ♣~..~♣♣............
.....# ♣~♣.~♣♣...P.......# ..#..#
♣~..~♣♣♣.##.......# .....##
♣♣♣~†♣~♣♣............ ......####
##.♣~nn♣♣.###P.#.##...
.....###.###..♣~@♣~♣.# ##.##....#
+.#...........♣≈..≈♣.## #.###...#
..........###.♣~♣.~♣..# #..#.#..#
....##..#.....♣♣..♣♣.## #.##..#
.<#.#.###......♣..♣..# ####..#
..#.####.......♣..♣..## #....
....## ##.......⌠⌠..#.# .####..P
..P..# #.#...>....P### #^..#....
..P.## ##.^.........# #........


You could see 2 bog bodies.

Vanquished Creatures
  A boulder beetle (D:11)
  A catoblepas (Lair:2)
  A hydra (Lair:2)
  A centaur warrior (D:8)
  3 death yaks (Lair:2)
  3 bog bodies (Lair:2)
  A cyclops (D:11)
  5 elephants (Lair:2)
  A black mamba (Lair:1)
  Joseph (D:8)
  4 cane toads
  Psyche (D:8)
  Maggie (D:8)
  An efreet (D:8)
  3 kobold demonologists (D:9)
  2 rime drakes (Lair:1)
  3 komodo dragons
  A yaktaur (D:8)
  A polar bear (Lair:2)
  6 trolls
  A blink frog (Lair:1)
  3 jumping spiders (Lair:2)
  2 culicivoras (Lair:2)
  4 wyverns (D:9)
  15 yaks
  3 steam dragons
  A basilisk (D:9)
  6 vampire mosquitoes
  Grum (D:8)
  A redback (Lair:2)
  A swamp worm (Lair:2)
  An acid dragon (D:10)
  2 wargs (D:11)
  9 water moccasins
  3 orc warriors
  2 sky beasts
  An ice beast (D:8)
  A hornet zombie (Ossuary)
  A black bear (Lair:2)
  9 wolves
  4 centaurs
  An ogre (D:4)
  6 kobold brigands
  3 phantoms (D:5)
  11 bullfrogs
  A wyvern zombie (Ossuary)
  6 necrophages
  7 scorpions
  3 water moccasin zombies
  6 wights
  30 killer bees
  6 howler monkeys
  8 bullfrog zombies
  8 centaur zombies (Ossuary)
  A human zombie (D:5)
  4 hounds
  2 jellies (D:6)
  4 gnoll boudas
  8 orc priests
  Crazy Yiuf (D:7)
  4 iguanas
  Terence (D:3)
  13 orc wizards
  9 killer bee zombies
  A hound zombie (D:5)
  13 mummies
  3 howler monkey zombies (Ossuary)
  Robin (D:3)
  8 gnolls (D:7)
  15 adders
  2 white imps (D:8)
  2 ufetubi
  A worm (D:2)
  6 dart slugs
  40 orcs
  6 endoplasms
  6 giant cockroaches
  22 goblins
  11 hobgoblins
  9 jackals
  6 quokkas
  12 ball pythons
  7 bats
  12 frilled lizards
  18 kobolds
  7 rats
463 creatures vanquished.

Vanquished Creatures (others)
  A wizard (D:9)
  A sky beast (D:8)
  11 fungi
  28 plants
  A withered plant (Ossuary)
42 creatures vanquished.

Grand Total: 505 creatures vanquished

Notes
Turn   | Place    | Note
-------+----------+-------------------------------------------
     0 | D:1      | Timinator the Demigod Transmuter began the quest for the
                  | Orb.
     0 | D:1      | Reached XP level 1. HP: 15/15 MP: 5/5
    71 | D:1      | Reached skill level 1 in Fighting
   449 | D:1      | Reached XP level 2. HP: 23/23 MP: 5/7
   503 | D:1      | Learned a level 2 spell: Wereblood
   719 | D:1      | Reached skill level 3 in Unarmed Combat
   890 | D:1      | Found Amnueshu's Distillery.
  1535 | D:1      | Reached XP level 3. HP: 28/28 MP: 6/8
  2198 | D:2      | Reached skill level 1 in Armour
  2495 | D:2      | Reached XP level 4. HP: 36/36 MP: 5/9
  3039 | D:2      | Found Noimac's Armour Boutique.
  3210 | D:3      | Noticed Robin
  3241 | D:3      | Killed Robin
  3417 | D:3      | Reached XP level 5. HP: 7/41 MP: 7/10
  3417 | D:3      | HP: 3/61 [orc/+0 falchion (4)]
  3781 | D:3      | Noticed Terence
  3795 | D:3      | Killed Terence
  4206 | D:3      | Reached skill level 4 in Unarmed Combat
  4257 | D:3      | Found Javvunut's Antique Armour Emporium.
  4605 | D:4      | Noticed an ogre
  4668 | D:4      | Killed an ogre
  4669 | D:4      | Reached XP level 6. HP: 33/50 MP: 11/11
  5945 | D:4      | Reached skill level 5 in Unarmed Combat
  5953 | D:4      | Reached XP level 7. HP: 57/57 MP: 13/13
  6212 | D:5      | Entered Level 5 of the Dungeon
  6507 | D:5      | Reached skill level 6 in Unarmed Combat
  6527 | D:5      | Found a staircase to the Ecumenical Temple.
  6980 | D:5      | Reached XP level 8. HP: 66/66 MP: 12/14
  7093 | D:5      | Reached skill level 7 in Unarmed Combat
  7371 | D:6      | Found a sand-covered staircase.
  7439 | Ossuary  | Entered an ossuary
  7666 | Ossuary  | Reached skill level 8 in Unarmed Combat
  7670 | Ossuary  | Reached XP level 9. HP: 47/73 MP: 15/15
  7754 | Ossuary  | Learned a level 4 spell: Ice Form
  7760 | Ossuary  | Learned a level 5 spell: Blade Hands
  7845 | Ossuary  | Reached skill level 5 in Fighting
  8106 | Ossuary  | Gained mutation: You are partially covered in large bone
                  | plates. (SH +4) [potion of mutation]
  8106 | Ossuary  | Gained mutation: You have large cloven feet. [potion of
                  | mutation]
  8106 | Ossuary  | Gained mutation: You expend magic power (3 MP) to
                  | strengthen your wands. [potion of mutation]
  8106 | Ossuary  | Gained mutation: Your flesh is heat resistant. (rF+)
                  | [potion of mutation]
  8259 | D:6      | Reached skill level 5 in Transmutations
  8990 | D:6      | Reached skill level 9 in Unarmed Combat
  9222 | D:6      | Reached skill level 5 in Dodging
  9670 | D:7      | Found a runed translucent door.
  9671 | D:7      | Noticed Crazy Yiuf
  9887 | D:7      | Identified the +3 robe of Lugonu's Grace {SInv}
 10171 | D:7      | Killed Crazy Yiuf
 10200 | D:7      | Identified the +6 hammer "Nytyxiej" {freeze, Str+6}
 10294 | D:8      | Noticed Psyche
 10311 | D:8      | Killed Psyche
 10312 | D:8      | Reached skill level 1 in Shields
 10625 | D:8      | Noticed a yaktaur
 10639 | D:8      | Reached XP level 10. HP: 47/83 MP: 14/16
 10639 | D:8      | Noticed a centaur warrior
 10651 | D:8      | Killed a centaur warrior
 10677 | D:8      | HP: 4/83 [efreet/fireball (5)]
 10679 | D:8      | Reached skill level 10 in Unarmed Combat
 11170 | D:8      | Noticed Joseph
 11220 | D:8      | Killed Joseph
 11639 | D:8      | Noticed Grum
 11659 | D:8      | Killed Grum
 11747 | D:8      | Noticed Maggie
 11764 | D:8      | Killed Maggie
 11988 | D:8      | Reached skill level 11 in Unarmed Combat
 12384 | D:3      | Bought a pair of translucent gloves for 247 gold pieces
 12384 | D:3      | Identified the +0 pair of gloves of Lemnaosafo {+Blink
                  | Will+} (You bought it in a shop on level 3 of the Dungeon)
 12540 | D:9      | Reached XP level 11. HP: 91/91 MP: 15/17
 12977 | D:9      | Found a staircase to the Lair.
 13735 | D:10     | Entered Level 10 of the Dungeon
 13911 | D:9      | Reached skill level 1 in Ice Magic
 14202 | D:9      | Noticed a sixfirhy
 14223 | D:9      | Noticed a sixfirhy
 14708 | D:10     | Identified the +4 dagger "Uxaneu" {venom, rElec Int+4}
 14778 | D:10     | Reached skill level 12 in Unarmed Combat
 15552 | D:11     | Found a staircase to the Orcish Mines.
 15626 | D:11     | Noticed a boulder beetle
 15798 | D:11     | Killed a boulder beetle
 16787 | Lair:1   | Entered Level 1 of the Lair of Beasts
 17175 | Lair:1   | Reached XP level 12. HP: 100/100 MP: 15/18
 18236 | Lair:2   | Noticed a catoblepas
 18467 | Lair:2   | Found a hole to the Spider Nest.
 18681 | Lair:2   | Killed a catoblepas
 18847 | Lair:2   | Reached skill level 13 in Unarmed Combat
 18965 | Lair:2   | Learned a level 2 spell: Passwall
 19225 | Lair:2   | Noticed a six-headed hydra
 19235 | Lair:2   | Killed a six-headed hydra
 19706 | Lair:2   | Reached skill level 1 in Evocations
 19834 | Lair:2   | Found a staircase to the Swamp.
 19846 | Lair:2   | HP: 2/103 [bog body (10)]
 19846 | Lair:2   | Annihilated by a bog body

Illustrated notes

Levels and vault maps discovered:
D:1:      minmay_arrival_four_loops, layout_basic, serial_shops, shop,
          basic_ecumenical_altar, minmay_lizard_king
D:2:      layout_loops_corners, basic_altar, serial_aquarium,
          aquarium_bridge_straight [aquarium_subvault_bridge,
          aquarium_subvault_wall, aquarium_subvault_bridge,
          aquarium_subvault_wall], aquarium_window_corridor_1,
          aquarium_window_2, aquarium_window_corner, aquarium_view_2f,
          aquarium_balcony_1a, aquarium_pool_S, serial_shops, shop
D:3:      layout_loops_cross, mainiacjoe_overflow_six_doors_small,
          lemuel_round_altar, serial_shops, shop, minmay_snake_closets,
          uniq_robin, uniq_terence
D:4:      layout_basic, nicolae_kite_square_tiling_tiny,
          hangedman_minor_gate_pass
D:5:      layout_rooms, lemuel_mausoleum_altar_yredelemnul,
          mainiacjoe_overflow_two_lobes, minmay_temple_entry_sparse_star
D:6:      layout_basic, mainiacjoe_overflow_brackets, lemuel_round_altar,
          nicolae_ossuary_entry_false_entrances, kennysheep_cross_room
D:7:      layout_basic, okawaru_trees_1, serial_aquarium,
          aquarium_bridge_long_separate [aquarium_subvault_bridge,
          aquarium_subvault_balcony, aquarium_subvault_wall,
          aquarium_subvault_wall, aquarium_subvault_bridge,
          aquarium_subvault_bridge], aquarium_bridge_square
          [aquarium_subvault_wall, aquarium_subvault_bridge,
          aquarium_subvault_window, aquarium_subvault_wall], aquarium_window_3,
          aquarium_window_fake, aquarium_window_fake, aquarium_view_2g,
          aquarium_view_4, minmay_between, uniq_crazy_yiuf_cottage
D:8:      nzn_winding_woodlands_small
          [nzn_winding_woodlands_5x15_pathside_ponds,
          nzn_winding_woodlands_center_lodge,
          nzn_winding_woodlands_5x15_river_crossing], layout_loops_ring,
          bloody_makhleb, mainiacjoe_overflow_cross_hatched, uniq_grum,
          uniq_maggie, uniq_joseph, uniq_psyche
D:9:      layout_basic, trog_wizard, minmay_lair_entry_grove
D:10:     layout_rooms, gammafunk_temple_overflow_pools, enter_bailey_3
D:11:     layout_gridville, erik_orc_4, lightli_fourway_metalbox
Lair:1:   layout_loops_ring, serial_bayou_pond_e, st_stairs_4,
          minmay_shattered_shrine
Lair:2:   layout_chaotic_city, nicolae_swamp_entry_splash_gauntlet,
          nicolae_spider_entry_tight_spaces, basic_altar

Skill      XL: |  1  2  3  4  5  6  7  8  9 10 11 12 |
---------------+-------------------------------------+-----
Fighting       | 1 2 3 4 5 6 7 8 |  8.3
Spellcasting   | 2 |  2.0
Transmutations | 2 3 4 5 6 7 9 |  9.1
Unarmed Combat | 3 4 5 6 8 9 11 12 13 | 13.4
Dodging        | 2 3 4 5 6 8 9 |  9.2
Armour         | 1 2 3 |  3.0
Shields        | 1 2 |  2.2
Ice Magic      | 2 3 |  3.0
Evocations     | 1 |  1.1

Action                   |  1- 3 |  4- 6 |  7- 9 | 10-12 || total
-------------------------+-------+-------+-------+-------++-------
Melee: Unarmed           |   133 |   318 |   704 |  1029 ||  2184
       Kick              |    28 |    27 |     4 |       ||    59
       Headbutt          |    14 |    12 |     3 |       ||    29
       Punch             |     1 |     5 |    26 |    92 ||   124
Throw: Dart              |       |       |     1 |     2 ||     3
 Cast: Beastly Appendage |    31 |    14 |     3 |       ||    48
       Wereblood         |     4 |    11 |    38 |    69 ||   122
       Blade Hands       |       |       |       |    10 ||    10
       Ice Form          |       |       |       |     1 ||     1
Evoke: Wand              |       |     1 |       |     3 ||     4
  Use: Potion            |       |     4 |     2 |     8 ||    14
       Scroll            |       |     6 |     5 |     7 ||    18
 Stab: Sleeping          |     3 |     7 |       |     1 ||    11
       Distracted        |       |     1 |     1 |     1 ||     3
Armor: Robe              |    12 |    29 |     3 |   112 ||   156
       Leather armour    |       |    33 |    29 |       ||    62
       Ring mail         |       |       |   133 |       ||   133
       Steam dragon scal |       |       |    10 |       ||    10
       Skin              |       |       |     7 |     9 ||    16
       Acid dragon scale |       |       |       |    95 ||    95
Dodge: Dodged            |   103 |   225 |   493 |   909 ||  1730
Block: Other             |       |       |    34 |   152 ||   186
